[Event "42nd Olympiad Baku 2016 Women"]
[Site "Baku"]
[Date "2016.09.08"]
[Round "6.29"]
[White "Mamedjarova, Turkan"]
[Black "Worek, Joanna"]
[Result "1/2-1/2"]
[ECO "B22"]
[WhiteElo "2304"]
[BlackElo "2360"]
[Annotator ""]
[PlyCount "93"]
[EventDate "2016.??.??"]
[EventType "team-tourn"]
[EventCountry "AZE"]
[SourceTitle "playchess.com"]
[Source "ChessBase"]
[WhiteTeam "Azerbaijan"]
[BlackTeam "Czech Republic"]
[WhiteTeamCountry "AZE"]
[BlackTeamCountry "CZE"]
[TimeControl "40/5400+30:1800+30"]

1. e4 {(00:00} c5 {(00:00} 2. c3 {(00:00} Nf6 {(
00:00} 3. e5 {(02:06} Nd5 {(00:04} 4. d4 {(01:13} cxd4
{(00:26} 5. Nf3 {(00:21} Nc6 {(00:07} 6. cxd4 {(
00:37} d6 {(03:06} 7. Bc4 {(00:58} e6 {(00:14} 8. O-O
{(00:41} Be7 {(00:16} 9. Nc3 {(00:55} Nxc3 {(01:
28} 10. bxc3 {(00:18} dxe5 {(00:06} 11. dxe5 {(01:25}
Qxd1 {(00:38} 12. Rxd1 {(00:04} O-O {(00:28} 13. Bf4 {
(06:20} Na5 {(07:37} 14. Bd3 {(11:24} h6 {(08:
27} 15. Be4 {(07:14} Rb8 {(00:53} 16. h4 {(12:37} b6 {
(01:05} 17. g4 {(00:35} Bb7 {(00:40} 18. Bxb7 {(
00:34} Rxb7 {(00:18} 19. g5 {(03:46} h5 {(05:16} 20.
Nd2 {(14:45} Rd8 {(08:27} 21. Ne4 {(01:59} Rbd7 {
(00:30} 22. Rxd7 {(01:38} Rxd7 {(00:02} 23. Be3 {
(06:04} Rd3 {(04:58} 24. Kf1 {(02:36} Nc4 {(04:
46} 25. Bd4 {(03:37} Rf3 {(07:14} 26. Kg2 {(02:34} Rf5
{(15:01} 27. Ng3 {(05:13} Rf4 {(00:20} 28. Rh1 {
(00:14} Bc5 {(08:34} 29. Nxh5 {(02:36} Re4 {(01:
22} 30. Ng3 {(01:19} Rf4 {(00:01} 31. Bxc5 {(07:39}
bxc5 {(00:07} 32. Re1 {(00:08} Rxh4 {(01:00} 33. f3 {
(00:10} Nb2 {(03:46} 34. Ne4 {(02:07} Nd3 {(01:
25} 35. Rb1 {(00:15} Nxe5 {(03:16} 36. Kg3 {(01:48}
Rh5 {(00:18} 37. f4 {(00:18} Nd3 {(01:44} 38. g6 {
(00:46} fxg6 {(01:11} 39. Rb8+ {(00:56} Kf7 {(
00:47} 40. Rb7+ {(00:00} Kf8 {(00:00} 41. Ng5 {(12:26}
e5 {(08:40} 42. Ne6+ {(00:21} Kg8 {(00:22} 43. Rxg7+ {
(01:56} Kh8 {(00:06} 44. Rxa7 {(00:45} c4 {(16:
11} 45. Ra8+ {(03:06} Kh7 {(00:16} 46. Ra7+ {(00:04}
Kh8 {(00:50} 47. Ra8+ {(00:05} 1/2-1/2

[Event "42nd Olympiad Baku 2016 Women"]
[Site "Baku"]
[Date "2016.09.08"]
[Round "6.17"]
[White "Mammadova, Narmin"]
[Black "Abarca Gonzalez, Damaris"]
[Result "1-0"]
[ECO "B22"]
[WhiteElo "2230"]
[BlackElo "2092"]
[Annotator ""]
[PlyCount "127"]
[EventDate "2016.??.??"]
[EventType "team-tourn"]
[EventCountry "AZE"]
[SourceTitle "playchess.com"]
[Source "ChessBase"]
[WhiteTeam "Azerbaijan"]
[BlackTeam "Chile"]
[WhiteTeamCountry "AZE"]
[BlackTeamCountry "CHI"]
[TimeControl "40/5400+30:1800+30"]

1. e4 {(00:00} c5 {(00:00} 2. c3 {(00:00} g6 {(
00:00} 3. d4 {(00:00} cxd4 {(00:00} 4. cxd4 {(00:00}
d5 {(00:03} 5. exd5 {(00:11} Nf6 {(00:12} 6. Bb5+ {
(03:13} Bd7 {(01:02} 7. Bc4 {(00:18} b5 {(03:15]
} 8. Bb3 {(00:26} Bf5 {(09:57} 9. Ne2 {(09:09} Bg7 {
(15:15} 10. Nf4 {(07:58} O-O {(01:58} 11. O-O {(
00:06} Na6 {(00:26} 12. a3 {(19:53} Nc7 {(09:46} 13.
Nc3 {(12:15} a5 {(01:12} 14. Bd2 {(02:53} Qd6 {(
18:11} 15. Rc1 {(14:24} h6 {(06:33} 16. h3 {(06:53} g5
{(12:24} 17. Nh5 {(03:06} Nxh5 {(02:43} 18. Qxh5 {
(00:02} Bxd4 {(00:31} 19. Ne2 {(08:39} Bg7 {(01:
23} 20. Bf4 {(01:55} gxf4 {(04:40} 21. Qxf5 {(00:01}
Ra6 {(01:33} 22. Nxf4 {(01:43} e6 {(01:33} 23. Qg4 {
(01:23} Nxd5 {(01:23} 24. Nh5 {(01:11} Qe5 {(00:
02} 25. Nxg7 {(01:21} Qxg7 {(00:02} 26. Qxg7+ {(01:44}
Kxg7 {(00:01} 27. Rc5 {(00:05} Rb8 {(04:17} 28. Bxd5 {
(00:10} exd5 {(00:02} 29. Rd1 {(01:39} a4 {(03:
54} 30. Rdxd5 {(01:33} Rab6 {(00:00} 31. Rc7 {(01:55}
R8b7 {(00:57} 32. Rxb7 {(00:34} Rxb7 {(00:01} 33. g3 {
(01:06} Rb6 {(00:27} 34. Kg2 {(00:15} Kf6 {(00:
52} 35. g4 {(00:15} Ke6 {(00:24} 36. Rf5 {(00:27} Ke7
{(00:45} 37. Rf4 {(00:31} Ke6 {(00:31} 38. Kg3 {
(00:15} Rd6 {(00:25} 39. Rb4 {(00:34} Rd3+ {(00:
28} 40. f3 {(00:00} Rd5 {(00:00} 41. h4 {(04:08} Rc5 {
(06:48} 42. h5 {(02:38} f5 {(02:04} 43. Rf4 {(
08:53} fxg4 {(00:40} 44. fxg4 {(00:02} Rc2 {(01:55}
45. Rf2 {(00:33} Rc6 {(07:21} 46. Rf5 {(00:47} Rb6 {
(00:17} 47. Kh4 {(00:19} Rb8 {(00:40} 48. Rf4 {(
01:04} Rg8 {(01:21} 49. Rf5 {(01:29} Rb8 {(00:08} 50.
Kg3 {(01:22} b4 {(10:34} 51. Ra5 {(01:46} bxa3 {
(00:10} 52. bxa3 {(00:02} Rb3+ {(00:19} 53. Kh4 {
(00:01} Rxa3 {(00:31} 54. Ra6+ {(00:02} Kf7 {(
00:43} 55. Rxh6 {(00:02} Ra1 {(00:45} 56. Ra6 {(00:52}
a3 {(01:01} 57. Ra7+ {(00:15} Kf6 {(00:38} 58. Ra6+ {
(00:39} Ke5 {(01:01} 59. Kg5 {(00:16} a2 {(00:
51} 60. h6 {(00:03} Ke4 {(00:53} 61. h7 {(00:08} Rh1 {
(00:25} 62. Kg6 {(00:07} Kf4 {(02:18} 63. Rxa2 {
(00:14} Kxg4 {(00:08} 64. Kg7 1-0

[Event "42nd Olympiad Baku 2016 Women"]
[Site "Baku"]
[Date "2016.09.08"]
[Round "6.14"]
[White "Mammadzada, Gunay"]
[Black "Javakhishvili, Lela"]
[Result "1/2-1/2"]
[ECO "C91"]
[WhiteElo "2361"]
[BlackElo "2486"]
[Annotator ""]
[PlyCount "106"]
[EventDate "2016.??.??"]
[EventType "team-tourn"]
[EventCountry "AZE"]
[SourceTitle "playchess.com"]
[Source "ChessBase"]
[WhiteTeam "Azerbaijan"]
[BlackTeam "Georgia"]
[WhiteTeamCountry "AZE"]
[BlackTeamCountry "GEO"]
[TimeControl "40/5400+30:1800+30"]

1. e4 {(00:00} e5 {(00:00} 2. Nf3 {(00:00} Nc6 {
(00:00} 3. Bb5 {(00:00} a6 {(00:00} 4. Ba4 {(00:
00} Nf6 {(00:04} 5. O-O {(00:02} Be7 {(00:10} 6. Re1 {
(00:06} b5 {(00:08} 7. Bb3 {(00:02} O-O {(00:09]
} 8. d4 {(00:09} d6 {(00:29} 9. c3 {(00:14} Bg4 {
(00:11} 10. Be3 {(00:04} Bh5 {(00:27} 11. Nbd2 {
(01:07} Na5 {(00:38} 12. dxe5 {(03:13} dxe5 {(
01:47} 13. h3 {(00:29} Bd6 {(11:01} 14. Bc2 {(06:19}
c5 {(02:59} 15. g4 {(17:58} Bg6 {(00:42} 16. Kg2 {
(14:42} Ne8 {(10:36} 17. Nf1 {(06:58} Nc4 {(07:
30} 18. Bc1 {(01:43} Nc7 {(01:01} 19. b3 {(01:57} Nb6
{(00:26} 20. Ng3 {(09:30} Ne6 {(07:03} 21. Nf5 {
(05:48} Bc7 {(09:32} 22. Qxd8 {(07:47} Nxd8 {(
00:38} 23. Be3 {(00:39} Ne6 {(04:09} 24. Rad1 {(01:15}
f6 {(04:22} 25. a4 {(05:56} Rad8 {(10:51} 26. axb5 {
(06:15} axb5 {(01:22} 27. Ne7+ {(01:44} Kf7 {(
05:08} 28. Nxg6 {(01:16} hxg6 {(00:24} 29. Bd3 {(00:07]
} c4 {(02:39} 30. Bf1 {(00:46} Nf4+ {(11:10} 31. Kh2 {
(04:58} Rxd1 {(00:35} 32. Rxd1 {(00:00} Ra8 {(
00:40} 33. bxc4 {(00:41} bxc4 {(00:14} 34. Bxf4 {(02:
26} exf4 {(00:10} 35. Bxc4+ {(00:05} Ke7 {(02:04} 36.
Bb5 {(00:28} Ra2 {(01:53} 37. Kg2 {(00:49} Rc2 {
(01:15} 38. Rd3 {(01:47} Rb2 {(02:23} 39. c4 {(
00:22} Bd6 {(02:31} 40. Nh4 {(00:00} Bc5 {(00:00} 41.
Nxg6+ {(03:00} Kf7 {(00:55} 42. Nxf4 {(00:36} Rxf2+ {
(00:42} 43. Kg3 {(00:05} Rc2 {(00:34} 44. h4 {(
06:08} g5 {(07:06} 45. hxg5 {(06:22} fxg5 {(00:11} 46.
Nh3 {(05:25} Be7 {(03:25} 47. Rf3+ {(04:29} Ke6 {
(00:48} 48. Rf5 {(01:33} Rc3+ {(07:47} 49. Kg2 {
(00:56} Nxc4 {(02:30} 50. Bxc4+ {(03:03} Rxc4 {(
00:05} 51. Nxg5+ {(00:19} Bxg5 {(00:11} 52. Rxg5 {(00:
05} Rxe4 {(00:07} 53. Kf3 {(01:19} Re1 {(00:19] Ke4
Ke5+} 1/2-1/2

[Event "42nd Olympiad Baku 2016 Women"]
[Site "Baku"]
[Date "2016.09.08"]
[Round "6.26"]
[White "Maslikova, Veronika"]
[Black "Videnova, Iva"]
[Result "0-1"]
[ECO "B24"]
[WhiteElo "2247"]
[BlackElo "2386"]
[Annotator ""]
[PlyCount "140"]
[EventDate "2016.??.??"]
[EventType "team-tourn"]
[EventCountry "AZE"]
[SourceTitle "playchess.com"]
[Source "ChessBase"]
[WhiteTeam "Slovakia"]
[BlackTeam "Bulgaria"]
[WhiteTeamCountry "SVK"]
[BlackTeamCountry "BUL"]
[TimeControl "40/5400+30:1800+30"]

1. e4 {(00:00} c5 {(00:00} 2. Nc3 {(00:00} Nc6 {
(00:00} 3. Bb5 {(00:00} Nd4 {(00:00} 4. Bc4 {(
00:08} e6 {(00:16} 5. Nf3 {(00:27} a6 {(00:16} 6. Nxd4
{(01:31} cxd4 {(00:07} 7. Ne2 {(00:24} Nf6 {(10:
38} 8. d3 {(07:02} Bc5 {(05:43} 9. O-O {(02:14} d5 {
(01:26} 10. exd5 {(02:08} Nxd5 {(00:14} 11. Ng3 {
(13:54} b5 {(07:54} 12. Bb3 {(01:54} Bb7 {(15:
37} 13. a4 {(23:37} O-O {(04:52} 14. Qh5 {(07:48} f5 {
(04:03} 15. axb5 {(09:49} axb5 {(00:12} 16. Rxa8 {
(02:42} Bxa8 {(03:28} 17. Qe2 {(01:31} Qd6 {(03:
18} 18. Re1 {(01:38} Rf6 {(00:20} 19. Qe5 {(01:58}
Qxe5 {(06:12} 20. Rxe5 {(00:04} Bd6 {(02:41} 21. Re1 {
(00:08} Bb4 {(10:15} 22. Re2 {(02:58} Bd6 {(03:
03} 23. Re1 {(00:16} Kf8 {(02:25} 24. Bg5 {(02:49} Rg6
{(00:45} 25. Ra1 {(00:08} Bc6 {(02:57} 26. Bd2 {
(01:49} Ne7 {(00:56} 27. Re1 {(02:07} Kf7 {(00:
43} 28. c3 {(02:50} dxc3 {(00:33} 29. bxc3 {(00:14} h5
{(01:41} 30. Bd1 {(01:47} h4 {(00:36} 31. Bh5 {(
00:20} hxg3 {(00:11} 32. hxg3 {(00:10} Kf6 {(01:34}
33. Bxg6 {(00:03} Nxg6 {(00:06} 34. c4 {(01:47} Be5 {
(05:58} 35. Rb1 {(01:13} bxc4 {(00:07} 36. dxc4 {
(00:04} Bd4 {(00:35} 37. Rc1 {(01:13} e5 {(01:
34} 38. Rb1 {(01:26} Nf8 {(01:10} 39. Rb8 {(01:06} Ne6
{(00:40} 40. Rc8 {(00:00} Bd7 {(00:00} 41. Rb8 {
(02:48} Nc5 {(02:05} 42. Rf8+ {(21:17} Ke7 {(00:
42} 43. Rg8 {(00:14} Kf7 {(00:19} 44. Rd8 {(01:07} Be6
{(00:20} 45. Be3 {(02:21} Bxe3 {(00:08} 46. fxe3 {
(00:04} Ne4 {(00:08} 47. Ra8 {(02:30} Bxc4 {(00:
20} 48. Ra7+ {(00:16} Kf6 {(00:13} 49. Ra4 {(00:22}
Bd5 {(05:26} 50. Ra5 {(01:23} Be6 {(00:10} 51. Kh2 {
(00:22} Nf2 {(00:16} 52. Kg1 {(00:36} Ng4 {(00:
28} 53. Ra3 {(00:04} e4 {(00:50} 54. Rc3 {(00:33} Ne5
{(00:52} 55. Kh2 {(01:05} Bc4 {(00:45} 56. Kh3 {
(01:50} Bd3 {(03:08} 57. Rc1 {(00:04} Nc4 {(02:
40} 58. g4 {(03:08} fxg4+ {(01:51} 59. Kxg4 {(00:09}
Nxe3+ {(00:09} 60. Kg3 {(00:28} Kg5 {(01:44} 61. Rc5+ {
(01:41} Nf5+ {(00:07} 62. Kf2 {(00:16} Kf4 {(00:
40} 63. g3+ {(01:07} Nxg3 {(00:24} 64. Rc7 {(00:17}
e3+ {(00:27} 65. Ke1 {(00:04} g5 {(00:24} 66. Rf7+ {
(00:06} Bf5 {(00:22} 67. Rf8 {(00:10} g4 {(00:
07} 68. Rf7 {(00:08} Ne4 {(00:13} 69. Rf8 {(00:12} g3
{(00:22} 70. Rg8 {(00:35} Ng5 {(00:25} 0-1

[Event "42nd Olympiad Baku 2016 Women"]
[Site "Baku"]
[Date "2016.09.08"]
[Round "6.15"]
[White "Mazariegos, Silvia Carolina"]
[Black "Alymbay Kyzy, Aizhan"]
[Result "1/2-1/2"]
[ECO "D05"]
[WhiteElo "1942"]
[BlackElo "1913"]
[Annotator ""]
[PlyCount "95"]
[EventDate "2016.??.??"]
[EventType "team-tourn"]
[EventCountry "AZE"]
[SourceTitle "playchess.com"]
[Source "ChessBase"]
[WhiteTeam "Guatemala"]
[BlackTeam "Kyrgyzstan"]
[WhiteTeamCountry "GUA"]
[BlackTeamCountry "KGZ"]
[TimeControl "40/5400+30:1800+30"]

1. d4 {(00:00} d5 {(00:00} 2. e3 {(00:00} Nf6 {(
01:00} 3. Bd3 {(00:07} e6 {(00:20} 4. Nd2 {(00:17} c5
{(00:19} 5. c3 {(00:09} Nc6 {(00:23} 6. f4 {(00:
16} Bd6 {(06:16} 7. Nh3 {(00:39} Qb6 {(06:05} 8. Qf3 {
(05:16} cxd4 {(01:30} 9. exd4 {(00:29} O-O {(02:
20} 10. Nf2 {(10:46} Bd7 {(26:55} 11. g3 {(09:47} Rae8
{(08:48} 12. O-O {(01:49} e5 {(02:32} 13. fxe5 {
(06:26} Bxe5 {(00:04} 14. Nb3 {(00:19} Bc7 {(11:
47} 15. Bg5 {(05:09} Ne7 {(01:00} 16. Rae1 {(07:41} h6
{(03:21} 17. Bxf6 {(07:41} Qxf6 {(00:04} 18. Qxf6 {
(00:17} gxf6 {(00:04} 19. Nc5 {(02:17} Bc8 {(00:
44} 20. Nd1 {(07:00} Kg7 {(02:23} 21. Ne3 {(01:21} b6
{(01:05} 22. Nb3 {(00:15} Rd8 {(03:06} 23. Nd2 {
(07:53} Rfe8 {(03:19} 24. Nf3 {(04:54} Rh8 {(05:
52} 25. Nh4 {(01:21} Be6 {(01:40} 26. Rf2 {(01:50} Ng8
{(03:15} 27. Kg2 {(02:46} Ne7 {(00:30} 28. Bf5 {
(02:41} Rd6 {(02:43} 29. Ref1 {(02:13} Ng8 {(01:
04} 30. Bc2 {(03:14} Rd7 {(00:34} 31. Nhf5+ {(02:47}
Kf8 {(00:15} 32. Ba4 {(02:27} Rd8 {(00:18} 33. Bb3 {
(00:14} Rd7 {(01:36} 34. Ba4 {(00:46} Rd8 {(00:
05} 35. Bc2 {(00:03} Rd7 {(01:20} 36. Ba4 {(01:40} Rd8
{(00:04} 37. Bc6 {(00:45} Bb8 {(01:03} 38. Ba4 {
(02:05} Bc7 {(00:04} 39. b3 {(00:45} Bb8 {(00:
47} 40. c4 {(00:00} Ne7 {(00:00} 41. Nxe7 {(13:49}
Kxe7 {(03:49} 42. Rxf6 {(00:11} dxc4 {(00:05} 43. d5 {
(00:14} Be5 {(04:28} 44. R6f3 {(00:52} Rxd5 {(
00:28} 45. bxc4 {(09:10} Rd2+ {(00:12} 46. R3f2 {(00:
36} Rhd8 {(03:02} 47. Bb3 {(00:21} Rxf2+ {(04:58} 48.
Rxf2 {(00:12} 1/2-1/2

[Event "42nd Olympiad Baku 2016 Women"]
[Site "Baku"]
[Date "2016.09.08"]
[Round "6.2"]
[White "Mbatha, Constance"]
[Black "Quevedo, Andreina"]
[Result "0-1"]
[ECO "E91"]
[WhiteElo "1746"]
[BlackElo "1699"]
[Annotator ""]
[PlyCount "110"]
[EventDate "2016.??.??"]
[EventType "team-tourn"]
[EventCountry "AZE"]
[SourceTitle "playchess.com"]
[Source "ChessBase"]
[WhiteTeam "Zambia"]
[BlackTeam "Uruguay"]
[WhiteTeamCountry "ZAM"]
[BlackTeamCountry "URU"]
[TimeControl "40/5400+30:1800+30"]

1. d4 {(00:00} Nf6 {(00:00} 2. c4 {(00:00} g6 {(
00:07} 3. Nc3 {(00:00} Bg7 {(00:04} 4. e4 {(00:06} d6
{(00:05} 5. Nf3 {(00:24} O-O {(00:17} 6. Be2 {(
01:09} Nbd7 {(06:18} 7. Be3 {(01:22} e5 {(01:07} 8. d5
{(00:33} Nh5 {(11:41} 9. Qd2 {(15:20} a5 {(04:
26} 10. O-O {(01:48} f5 {(04:23} 11. Bh6 {(00:09} f4 {
(01:57} 12. Bxg7 {(00:19} Kxg7 {(02:04} 13. h3 {
(01:37} h6 {(09:41} 14. Nh2 {(01:18} Ndf6 {(12:
47} 15. Qd1 {(00:53} Kh7 {(03:35} 16. Ng4 {(03:40} Qe7
{(03:38} 17. a3 {(11:15} Rg8 {(02:03} 18. Kh2 {(
01:49} Nxg4+ {(01:59} 19. Bxg4 {(01:26} Nf6 {(01:27}
20. Bxc8 {(01:09} Raxc8 {(00:07} 21. b4 {(02:52} axb4 {
(01:40} 22. axb4 {(00:04} Ra8 {(02:03} 23. Qe2 {
(01:23} g5 {(01:04} 24. g4 {(01:43} Qf7 {(02:54]
} 25. Kg2 {(16:27} h5 {(02:47} 26. f3 {(00:40} Kg6 {
(01:22} 27. Qf2 {(04:10} Qd7 {(01:15} 28. c5 {(
00:24} hxg4 {(00:37} 29. hxg4 {(00:13} Nxg4 {(01:29}
30. Qg1 {(03:50} Ne3+ {(00:27} 31. Kf2 {(00:09} Nxf1 {
(00:22} 32. Qxf1 {(00:55} Rxa1 {(00:19} 33. Qxa1 {
(00:37} g4 {(00:14} 34. Qg1 {(01:31} g3+ {(00:
08} 35. Kf1 {(04:04} Qh3+ {(00:35} 36. Qg2 {(00:17}
Qxg2+ {(00:44} 37. Kxg2 {(00:03} Rh8 {(00:08} 38. Nb5 {
(01:32} dxc5 {(00:29} 39. bxc5 {(00:04} Rh7 {(
00:37} 40. Na3 {(00:00} Kf6 {(00:00} 41. Nc4 {(02:45}
Rh2+ {(01:26} 42. Kg1 {(00:13} Rc2 {(00:57} 43. Na5 {
(00:24} Rxc5 {(04:02} 44. Nxb7 {(00:32} Rc1+ {(
00:05} 45. Kg2 {(00:10} Rc2+ {(00:04} 46. Kg1 {(00:24}
Rf2 {(00:17} 47. Nc5 {(00:53} Rxf3 {(03:09} 48. Nd7+ {
(00:19} Ke7 {(01:30} 49. Nxe5 {(00:04} Rf2 {(01:
53} 50. Nd3 {(02:28} Re2 {(01:38} 51. Nxf4 {(01:13}
Rxe4 {(00:36} 52. Nh5 {(02:23} Rg4 {(03:29} 53. Kg2 {
(00:40} Kd6 {(00:47} 54. Nxg3 {(04:14} Kxd5 {(
00:26} 55. Kf3 {(00:02} Rxg3+ {(00:31} 0-1

[Event "42nd Olympiad Baku 2016 Women"]
[Site "Baku"]
[Date "2016.09.08"]
[Round "6.10"]
[White "Mbo, Mabedi"]
[Black "Boshra, Alshaeby"]
[Result "0-1"]
[ECO "B06"]
[WhiteElo "1531"]
[BlackElo "1983"]
[Annotator ""]
[PlyCount "98"]
[EventDate "2016.??.??"]
[EventType "team-tourn"]
[EventCountry "AZE"]
[SourceTitle "playchess.com"]
[Source "ChessBase"]
[WhiteTeam "Botswana"]
[BlackTeam "Jordan"]
[WhiteTeamCountry "BOT"]
[BlackTeamCountry "JOR"]
[TimeControl "40/5400+30:1800+30"]

1. e4 {(00:00} g6 {(00:00} 2. Nf3 {(00:00} Bg7 {
(00:00} 3. d4 {(00:00} d6 {(00:00} 4. Be3 {(00:
18} Nf6 {(00:00} 5. Nc3 {(00:04} O-O {(00:28} 6. h3 {
(00:02} Nc6 {(00:24} 7. Qd2 {(00:31} a6 {(01:51]
} 8. O-O-O {(04:37} b5 {(00:39} 9. Kb1 {(00:47} b4 {
(00:27} 10. Na4 {(00:34} Nxe4 {(00:23} 11. Qd3 {
(00:51} Bf5 {(00:45} 12. Qc4 {(01:03} Qd7 {(19:
19} 13. d5 {(00:38} Ne5 {(08:32} 14. Nxe5 {(02:40}
Bxe5 {(03:28} 15. Qxb4 {(00:43} Rfb8 {(00:25} 16. Qa3 {
(00:20} Qxa4 {(00:44} 17. Qxa4 {(03:26} Nc3+ {(
00:14} 18. Kc1 {(00:23} Nxa4 {(00:05} 19. b3 {(00:44}
Nc3 {(01:51} 20. Re1 {(00:08} Nxa2+ {(00:14} 21. Kb1 {
(01:26} Nc3+ {(00:16} 22. Kc1 {(00:05} Nxd5 {(
00:14} 23. Bg5 {(02:31} Nb4 {(02:57} 24. g4 {(00:33}
Bxc2 {(01:07} 25. Bg2 {(00:31} Ra7 {(00:07} 26. f4 {
(00:16} Bg7 {(01:20} 27. Rxe7 {(00:20} Bxb3 {(
00:17} 28. f5 {(00:40} Bd5 {(02:08} 29. Rg1 {(05:15}
Na2+ {(03:04} 30. Kc2 {(00:32} Rb2+ {(01:25} 31. Kd1 {
(01:59} Bb3+ {(00:36} 32. Ke1 {(00:13} Bc3+ {(
00:05} 33. Bd2 {(00:32} Bxd2+ {(00:19} 34. Kf2 {(02:49]
} Bg5+ {(00:26} 35. Re2 {(00:06} Bh4+ {(00:15} 36. Kf3
{(00:43} Bd5+ {(00:15} 37. Ke3 {(02:00} Rxe2+ {(
00:09} 38. Kxe2 {(00:04} Bxg2 {(00:11} 39. Rxg2 {(00:
03} Rb7 {(00:13} 40. Kd3 {(00:00} Nb4+ {(00:00} 41.
Ke4 {(01:27} Bf6 {(00:28} 42. g5 {(00:13} Be5 {(
00:14} 43. f6 {(00:11} a5 {(00:08} 44. Rf2 {(01:06} a4
{(00:14} 45. Rf3 {(00:08} Ra7 {(00:51} 46. Ra3 {
(00:37} c5 {(00:08} 47. Kf3 Nc2 {(01:02} 48. Ra2 {
(01:43} a3 {(00:17} 49. Rxc2 {(00:36} a2 {(00:
07} 0-1

[Event "42nd Olympiad Baku 2016 Women"]
[Site "Baku"]
[Date "2016.09.08"]
[Round "6.35"]
[White "Melnik, Galina"]
[Black "Mendis, Dasuni Hansika"]
[Result "1/2-1/2"]
[ECO "E19"]
[WhiteElo "1915"]
[BlackElo "1699"]
[Annotator ""]
[PlyCount "102"]
[EventDate "2016.??.??"]
[EventType "team-tourn"]
[EventCountry "AZE"]
[SourceTitle "playchess.com"]
[Source "ChessBase"]
[WhiteTeam "IPCA"]
[BlackTeam "SRI"]
[WhiteTeamCountry "RUS"]
[BlackTeamCountry "SRI"]
[TimeControl "40/5400+30:1800+30"]

1. d4 {(00:00} Nf6 {(00:00} 2. Nf3 {(00:06} e6 {
(00:00} 3. c4 {(00:06} b6 {(00:10} 4. g3 {(00:
29} Bb7 {(00:08} 5. Bg2 {(00:08} Be7 {(00:06} 6. O-O {
(00:31} O-O {(00:04} 7. Nc3 {(00:11} Ne4 {(00:
14} 8. Qc2 {(01:26} Nxc3 {(06:04} 9. bxc3 {(00:30} d5
{(00:58} 10. Nd2 {(09:08} c5 {(07:24} 11. cxd5 {
(03:10} Bxd5 {(02:08} 12. e4 {(01:33} Bb7 {(01:
11} 13. Nb3 {(02:46} cxd4 {(15:58} 14. cxd4 {(00:56}
Nc6 {(00:25} 15. Bb2 {(01:08} Nb4 {(06:25} 16. Qd2 {
(03:32} Rc8 {(08:56} 17. Bc3 {(02:47} Na6 {(06:
13} 18. Qb2 {(01:25} Bb4 {(10:34} 19. Rfc1 {(07:24}
Bxc3 {(00:43} 20. Rxc3 {(00:07} Nc7 {(02:06} 21. Rac1 {
(05:15} h6 {(05:07} 22. Na5 {(03:37} Qxd4 {(19:
44} 23. Nxb7 {(00:17} Nb5 {(00:05} 24. Qxb5 {(04:32}
Rxc3 {(00:05} 25. Rxc3 {(02:43} Qxc3 {(00:01} 26. a4 {
(14:08} Qc1+ {(02:08} 27. Qf1 {(01:18} Qc7 {(00:
09} 28. Qa6 {(01:36} Rb8 {(01:57} 29. e5 {(00:12} Qxe5
{(00:42} 30. Qxa7 {(00:22} Qc7 {(00:08} 31. h4 {
(01:22} g6 {(00:42} 32. Qa6 {(00:40} Kg7 {(01:
22} 33. Kh2 {(02:48} g5 {(00:54} 34. h5 {(12:52} Kg8 {
(01:57} 35. Qb5 {(06:46} Kg7 {(02:04} 36. Qb2+ {
(02:13} Kg8 {(00:31} 37. Qf6 {(01:08} Rxb7 {(00:
26} 38. Bxb7 {(00:02} Qxb7 {(00:07} 39. Qxh6 {(00:34}
Qe7 {(00:10} 40. Kh3 {(00:00} Qd8 {(00:00} 41. Kh2 {
(06:32} Qe7 {(22:25} 42. f4 {(01:42} gxf4 {(00:
36} 43. Qxf4 {(00:02} Qc5 {(05:57} 44. g4 {(03:17}
Qc2+ {(00:38} 45. Kg3 {(01:44} Qc3+ {(01:06} 46. Kh4 {
(01:03} Qc6 {(02:26} 47. Kg5 {(04:43} Qc5+ {(00:
33} 48. Kh4 {(01:34} Qc6 {(00:14} 49. Kg5 {(11:03}
Qc5+ {(00:14} 50. Kf6 {(01:16} Qc3+ {(00:25} 51. Kg5 {
(02:10} Qc5+ 1/2-1/2

[Event "42nd Olympiad Baku 2016 Women"]
[Site "Baku"]
[Date "2016.09.08"]
[Round "6.21"]
[White "Mena, Ailen Oriana"]
[Black "Diaz Cesar, Wilsaida Pieranlly"]
[Result "1/2-1/2"]
[ECO "B22"]
[WhiteElo "1715"]
[BlackElo "1889"]
[Annotator ""]
[PlyCount "122"]
[EventDate "2016.??.??"]
[EventType "team-tourn"]
[EventCountry "AZE"]
[SourceTitle "playchess.com"]
[Source "ChessBase"]
[WhiteTeam "Netherlands Antilles"]
[BlackTeam "Dominican Republic"]
[WhiteTeamCountry "AHO"]
[BlackTeamCountry "DOM"]
[TimeControl "40/5400+30:1800+30"]

1. e4 {(00:00} c5 {(00:00} 2. c3 {(00:00} d5 {(
01:38} 3. exd5 {(02:12} Qxd5 {(00:07} 4. d4 {(02:17}
Nf6 {(03:27} 5. Nf3 {(03:02} Nc6 {(00:50} 6. Be2 {
(01:55} e6 {(01:57} 7. O-O {(04:17} Be7 {(00:30]
} 8. c4 {(02:14} Qd8 {(00:14} 9. dxc5 {(02:32} Bxc5 {
(00:20} 10. Qxd8+ {(01:59} Kxd8 {(00:27} 11. Rd1+ {
(03:10} Ke7 {(02:11} 12. Bf4 {(06:48} b6 {(05:
31} 13. Nc3 {(02:23} Nh5 {(02:38} 14. Bc7 {(02:35} Bd7
{(00:21} 15. h3 {(02:02} Rhc8 {(01:30} 16. Bh2 {
(01:34} Nf6 {(01:52} 17. Rac1 {(09:42} Kf8 {(04:
36} 18. Ng5 {(06:42} Nd4 {(01:23} 19. Bd3 {(04:19} Bc6
{(01:29} 20. Kf1 {(00:53} Rd8 {(02:24} 21. Bxh7 {
(07:39} Nxh7 {(00:40} 22. Nxh7+ {(00:21} Kg8 {(
00:41} 23. Ng5 {(00:16} Be7 {(00:55} 24. Nge4 {(01:00}
f5 {(01:29} 25. Be5 {(03:39} Bxe4 {(03:57} 26. Bxd4 {
(01:11} Bc6 {(01:37} 27. f3 {(03:50} Bg5 {(01:
18} 28. Rb1 {(00:49} Rd7 {(00:26} 29. Ke2 {(02:03}
Rad8 {(01:27} 30. Be3 {(04:39} Bf6 {(03:53} 31. Rxd7 {
(01:41} Rxd7 {(00:11} 32. Rc1 {(04:38} Kf7 {(01:
07} 33. Rc2 {(01:18} g5 {(00:25} 34. b4 {(04:41} g4 {
(04:12} 35. hxg4 {(00:06} fxg4 {(00:05} 36. Ne4 {
(02:04} gxf3+ {(00:28} 37. gxf3 {(00:11} Be7 {(
00:46} 38. a3 {(00:23} Ba4 {(05:02} 39. Rd2 {(01:25}
Rc7 {(02:25} 40. c5 bxc5 {(00:00} 41. Bxc5 {(04:47}
Bxc5 {(06:00} 42. Nxc5 {(00:14} Bb5+ {(00:10} 43. Ke3 {
(00:31} a5 {(00:28} 44. Ne4 {(03:17} Ke7 {(01:
14} 45. bxa5 {(03:17} Ra7 {(01:02} 46. Nd6 {(00:10}
Bd7 {(01:09} 47. Nc4 {(03:21} Bc6 {(02:02} 48. Rd4 {
(05:25} Bd5 {(00:26} 49. f4 {(01:08} Bxc4 {(02:
31} 50. Rxc4 {(00:09} Rxa5 {(00:04} 51. a4 {(00:31} e5
{(01:24} 52. f5 {(02:53} e4 {(03:30} 53. Kxe4 {(
00:53} Kf6 {(00:21} 54. Rc6+ {(00:42} Kf7 {(00:38} 55.
Re6 {(04:38} Rxa4+ {(00:12} 56. Kf3 {(00:09} Rb4 {
(00:56} 57. Re4 {(01:05} Rxe4 {(02:28} 58. Kxe4 {
(00:24} Ke8 {(00:05} 59. f6 {(01:15} Kf8 {(01:
05} 60. Kf5 {(00:57} Kf7 {(00:06} 61. Ke5 {(00:09} Kf8
1/2-1/2